 Dungeon Crawl Stone Soup version 0.27-a0-637-g3a9f0a9c12 (webtiles) character file.

Game seed: 815459406844182366

26 Jerej03 the Skirmisher (level 2, 0/24 HPs)
             Began as a Demonspawn Abyssal Knight on Mar 15, 2021.
             Was a Follower of Lugonu.
             Slain by an orc warrior
             ... wielding a +0 flail
              (3 damage)
             ... on level 2 of the Dungeon.
             The game lasted 00:07:03 (1519 turns).

Jerej03 the Skirmisher (Demonspawn Abyssal Knight)  Turns: 1519, Time: 00:07:04

Health: 0/24       AC:  6    Str: 12    XL:     2   Next: 89%
Magic:  3/3        EV:  9    Int: 13    God:    Lugonu [*.....]
Gold:   42         SH:  0    Dex: 12    Spells: 1/1 levels left

rFire    . . .     SeeInvis .   a - +1 short sword
rCold    . . .     Faith    .   (no shield)
rNeg     . . .     Spirit   .   g - +0 scale mail
rPois    .         Reflect  .   (no helmet)
rElec    .         Harm     .   (no cloak)
rCorr    .         Rampage  .   (no gloves)
Will     .....                  (no boots)
Stlth    ..........             (no amulet)
HPRegen  0.08/turn              (no ring)
MPRegen  0.08/turn              (no ring)

@: no status effects
A: powered by death 1
a: Renounce Religion, Depart the Abyss


You were on level 2 of the Dungeon.
You worshipped Lugonu.
Lugonu was aware of your devotion.
You visited 1 branch of the dungeon, and saw 2 of its levels.
You visited the Abyss 1 time.

You collected 42 gold pieces.

Inventory:

Hand Weapons
 a - a +1 short sword (weapon)
Armour
 b - a +0 leather armour
 e - a +0 leather armour
 g - a +0 scale mail (worn)
Scrolls
 d - a scroll of identify {unknown}
 f - a scroll of blinking {unknown}
Potions
 c - 2 potions of curing {unknown}
 h - a potion of mutation {unknown}
 i - a potion of invisibility {unknown}


   Skills:
 + Level 3.6 Fighting
 + Level 2.2 Short Blades
 + Level 2.0 Armour
 + Level 1.0 Dodging
 + Level 2.6 Invocations


You had one spell level left.
You didn't know any spells.
Your spell library was empty.

Dungeon Overview and Level Annotations

Branches:
Dungeon (2/15)

Altars:


Innate Abilities, Weirdness & Mutations

You regenerate a little health from kills.


Message History

You hear a shout!
Found a stone staircase leading down.
An orc comes into view. It is wielding a +0 dagger.
The goblin unwields a +0 dagger.
The goblin wields a +0 hunting sling.
The goblin shoots a stone.
The stone hits you.
A rat comes into view.
You enter the shallow water.
Moving in this stuff is going to be slow.
You enter the shallow water.
Moving in this stuff is going to be slow.
Why would you want to do that?
A worm comes into view.
An orc comes into view. It is wielding a +0 spear.
The goblin shoots a stone.
The stone barely misses you.
There is a faded altar of an unknown god here.
You barely miss the rat.
The orc shouts!
An orc comes into view. It is wielding a +0 club.
You barely miss the rat.
The orc shouts!
The rat barely misses you.
An orc comes into view. It is wielding a +0 hand axe.
You hit the rat.
You kill the rat!
Lugonu accepts your kill.
The goblin shoots a stone.
The stone hits you but does no damage.
Your Armour skill increases to level 2!
The orc warrior completely misses you.
The goblin shoots a stone.
The stone hits you.
You see here a rat corpse.
You hit the orc warrior but do no damage.
The orc warrior splashes around in the water.
You hit the orc warrior but do no damage.
The orc hits you but does no damage. The orc warrior barely misses you.
Your scale mail prevents you from hitting the orc warrior.
The orc warrior hits you with a +0 flail!
Ouch! That really hurt!
* * * LOW HITPOINT WARNING * * *
The orc warrior hits you with a +0 flail.
You die...

#...# #.#.## .#
##.#..#######.#
#..≈≈.≈.≈≈...≈#
#..≈..≈≈≈.....#
#..≈oo≈≈≈≈≈≈≈≈#
#≈≈≈≈≈o≈≈≈≈≈≈.#
#..≈≈≈go≈≈≈≈≈.#
#≈≈≈≈≈♣o@≈≈w..#
#≈≈≈≈≈♣_.≈≈≈..###
#≈≈≈≈≈≈.≈≈≈≈....
#..≈≈≈≈≈≈≈≈≈.≈##
#..≈≈≈≈≈≈≈≈≈..#####..##
#..≈≈≈≈≈≈≈≈≈≈..<.......
#....≈≈.≈≈≈..≈.......##
#..≈.......≈≈≈########
###############


You could see an orc warrior, a worm, 4 orcs and a goblin.

Vanquished Creatures
  A leopard gecko (D:1)
  6 bats (D:1)
  2 giant cockroaches (D:1)
  3 goblins (D:1)
  A hobgoblin (D:1)
  4 jackals (D:1)
  2 kobolds (D:1)
  A frilled lizard (D:1)
  A rat (D:2)
21 creatures vanquished.

Notes
Turn   | Place    | Note
-------+----------+-------------------------------------------
     0 | Abyss:1  | Jerej03 the Demonspawn Abyssal Knight began the quest for
                  | the Orb.
     0 | Abyss:1  | Reached XP level 1. HP: 18/18 MP: 2/2
    45 | Abyss:1  | Noticed a frost giant zombie
    46 | D:1      | Escaped the Abyss
   862 | D:1      | Gained mutation: You regenerate a little health from kills.
                  | [demonic ancestry]
   862 | D:1      | Reached XP level 2. HP: 24/24 MP: 3/3
   920 | D:1      | Reached * piety under Lugonu
   926 | D:1      | Reached skill level 1 in Dodging
  1474 | D:2      | Found a faded altar of an unknown god.
  1501 | D:2      | Noticed an orc warrior
  1519 | D:2      | Slain by an orc warrior

Illustrated notes

Levels and vault maps discovered:
D:1:      dpeg_arrival_water_fire, layout_basic
D:2:      layout_loops_ring, chequers_ecumenical_altar_island,
          chequers_arboretum

Skill      XL: |  1  2 |
---------------+-------+-----
Short Blades   | 2 |  2.2
Dodging        | 1 |  1.0
Armour         | 2 |  2.0
Fighting       | |  3.6
Invocations    | |  2.6

Action                   || total
-------------------------++-------
Melee: Short sword       ||    87
Invok: Depart the Abyss  ||     1
Armor: Leather armour    ||    23
       Scale mail        ||    10
Dodge: Dodged            ||    52

Table legend: (Time is in decaauts)
 A = Elapsed time spent in this place.
 B = Non-inter-level travel time spent in this place.
 C = Inter-level travel time spent in this place.
 D = Time resting spent in this place.
 E = Time spent auto-exploring this place.
 F = Levels seen in this place.
 G = Mean time per level.
                   A        B        C        D        E       F      G
               +--------+--------+--------+--------+--------+-----+--------+
         Total |   1524 |   1450 |     74 |    403 |    739 |   3 |  508.0 |
       Dungeon |   1478 |   1404 |     74 |    403 |    694 |   2 |  739.0 |
         Abyss |     46 |     46 |      0 |      0 |     45 |   1 |   46.0 |
               +--------+--------+--------+--------+--------+-----+--------+

Top non-repeatable levels by time:
     D:1: 1427 daAuts
     D:2: 51 daAuts
 Abyss:1: 46 daAuts
